 Dungeon Crawl Stone Soup version 0.31-a0-818-ge7c7cf74f0 (webtiles) character file.

Game seed: 13014983540124006703

22 Kurtz the Shield-Bearer (level 2, 0/21 HPs)
             Began as an Octopode Fighter on Sept 23, 2023.
             Slain by an endoplasm (2 damage)
             ... on level 1 of the Dungeon.
             The game lasted 00:00:30 (228 turns).

Kurtz the Shield-Bearer (Octopode Fighter)           Turns: 228, Time: 00:00:31

Health: 0/21       AC:  1    Str: 15    XL:     2   Next: 91%
Magic:  2/2        EV: 13    Int: 10    God:
Gold:   32         SH:  4    Dex: 11    Spells: 1/1 levels left

rFire   . . .        a - +0 war axe
rCold   . . .        b - +0 buckler
rNeg    . . .        (helmet restricted)
rPois   .            (no amulet)
rElec   .            (no ring)
rCorr   .            (no ring)
SInv    .            (no ring)
Will    +....        (no ring)
Stlth   ++           (no ring)
HPRegen 0.23/turn    (no ring)
MPRegen 0.08/turn    (no ring)
                     (no ring)

%: no passive effects
@: no status effects
A: almost no armour, amphibious, 8 rings, camouflage 1, gelatinous body 1,
(nimble swimmer 1), tentacles, strong-willed 1
a: no special abilities


You were on level 1 of the Dungeon.
You visited 1 branch of the dungeon, and saw 1 of its levels.

You collected 32 gold pieces.

Inventory:

Hand Weapons
 a - a +0 war axe (weapon)
Armour
 b - a +0 buckler (worn)
Scrolls
 d - a scroll of vulnerability {unknown}
 e - a scroll of fear {unknown}
 f - a scroll of noise {unknown}
 g - a scroll of identify {unknown}
Potions
 c - a potion of might
 i - a potion of attraction {unknown}
 j - a potion of enlightenment {unknown}


   Skills:
 + Level 3.0 Fighting
 * Level 3.0 Axes
 * Level 3.1 Dodging
 * Level 3.1 Shields


You had one spell level left.
You didn't know any spells.
Your spell library contained the following spells:

 Spells                   Type           Power      Damage    Failure   Level
 Sublimation of Blood     Necr           0%         N/A       58%         2
 Wereblood                Tmut           0%         N/A       58%         2
 Summon Hydra             Summ           0%         N/A       100%        7


Dungeon Overview and Level Annotations

Branches:
Dungeon (1/15)

Altars:


Innate Abilities, Weirdness & Mutations

You cannot wear most types of armour.
You are amphibious.
You can wear up to eight rings at the same time.
Your skin changes colour to match your surroundings (Stealth+).
Your rubbery body absorbs attacks. (AC +1, EV +1)
((You are camouflaged when in or above water. (Stealth+)))
You have tentacles for arms and can constrict up to eight enemies at once.
You are strong-willed. (Will+)


Message History

You slash the frilled lizard!
You kill the frilled lizard!
You hit the jackal. The jackal closely misses you. The endoplasm hits you.
The jackal bites you.
* * * LOW HITPOINT WARNING * * *
Your Axes skill increases to level 3!
You are too injured to fight recklessly!
Unknown command.
You are too injured to fight recklessly!
It was a potion of mutation.
You feel extremely strange.
You feel strong-willed.
The jackal bites you but does no damage.
The endoplasm barely misses you. The frilled lizard closely misses you.
Okay, then.
You hit the endoplasm.
The endoplasm is lightly wounded.
You hit the jackal but do no damage. You miss the frilled lizard.
The jackal misses you. The endoplasm misses you. The jackal closely misses you.
You block the frilled lizard's attack.
Okay, then.
Unknown command.
You slash the jackal!
You kill the jackal!
You completely miss the endoplasm. You barely miss the frilled lizard.
The endoplasm freezes you.
You are frozen.
* * * LOW HITPOINT WARNING * * *
The frilled lizard barely misses you.
You barely miss the frilled lizard. Your grab misses the frilled lizard.
Your squeeze misses the frilled lizard. You closely miss the goblin.
You hit the endoplasm. The endoplasm freezes you.
You are frozen.
* * * LOW HITPOINT WARNING * * *
The frilled lizard bites you.
* * * LOW HITPOINT WARNING * * *
The goblin hits you with a +0 club.
* * * LOW HITPOINT WARNING * * *
The frilled lizard misses you. The endoplasm hits you.
You die...

# .### ..... ## ...... # #.
#.#.... .. ####.#####g...... ..
#........@J...... ..
#..(......l...... #.
###.###..###..###.. .. ..
#...#..†.# ..# #.##.. #.
###.>)###..#.#..# #.... #.
###....)........... ..#.. ##
##...##..#.#..#.#..#.#.#.# # #.
..#..#...#.#..#.#..#.#.#.#.# #.
..##...#.###..###..###.#.#.#####.


You could see an endoplasm, a goblin and a frilled lizard.

Vanquished Creatures
  A dart slug (D:1)
  2 bats (D:1)
  An endoplasm (D:1)
  A goblin (D:1)
  A hobgoblin (D:1)
  3 jackals (D:1)
  A quokka (D:1)
  2 ball pythons (D:1)
  A frilled lizard (D:1)
  4 kobolds (D:1)
  A rat (D:1)
18 creatures vanquished.

Notes
Turn   | Place    | Note
-------+----------+-------------------------------------------
     0 | D:1      | Kurtz the Octopode Fighter began the quest for the Orb.
     0 | D:1      | Reached XP level 1. HP: 16/16 MP: 1/1
    47 | D:1      | Reached XP level 2. HP: 21/21 MP: 2/2
   225 | D:1      | Gained mutation: You are strong-willed. (Will+) [potion of
                  | mutation]
   228 | D:1      | Slain by an endoplasm

Illustrated notes

Levels and vault maps discovered:
D:1:      wander_arrival_chamber, layout_rooms,
          shapermc_ecumenical_altar_flowoftime, minmay_misc_feat_nine_boxes,
          minmay_pentomino_s4

Skill      XL: |  1  2 |
---------------+-------+-----
Axes           | 3 |  3.0
Fighting       | |  3.0
Dodging        | |  3.1
Shields        | |  3.1

Action                     || total
---------------------------++-------
  Melee: War axe           ||    30
         Constrict         ||     7
         Tentacles         ||     5
    Use: Potion            ||     1
 Armour: Skin              ||    19
  Dodge: Dodged            ||    25
  Block: Buckler           ||    11

Table legend: (Time is in decaauts)
 A = Elapsed time spent in this place.
 B = Non-inter-level travel time spent in this place.
 C = Inter-level travel time spent in this place.
 D = Time resting spent in this place.
 E = Time spent auto-exploring this place.
 F = Levels seen in this place.
 G = Mean time per level.
                   A        B        C        D        E       F      G
               +--------+--------+--------+--------+--------+-----+--------+
         Total |    239 |    239 |      0 |      0 |    141 |   1 |  239.0 |
       Dungeon |    239 |    239 |      0 |      0 |    141 |   1 |  239.0 |
               +--------+--------+--------+--------+--------+-----+--------+

Top non-repeatable levels by time:
     D:1: 239 daAuts
